Map: Old Republic LE

Players

JARbuckle - Winner!

  • Race: Zerg Zerg
  • League: Master
  • Spawn Location: 1:00

lIlIlIlIlIlI

  • Race: Zerg Zerg
  • League: Platinum
  • Spawn Location: 7:00

VOD

Have the link to the VOD?

Description

Time

  • Played on: Dec. 14, 2025, 3:15 p.m.
  • Length: 19:46
Show
View Real Time Build Order
Export as new Build Order

JARbuckle Zerg - Winner!

Build Orders: Pool First 

Get SALT Encoding   

  12  0:01  Drone  
  13  0:14  Drone  
  14  0:23  Extractor  
  14  0:24  Drone  
  14  0:28  Overlord  
  15  0:38  Spawning Pool  
  14  0:51  Drone  
  14  0:54  Extractor  
  14  1:10  Hatchery  
  14  1:11  Drone  
  14  1:21  Drone x2  
  16  1:26  Drone  
  17  1:45  Drone x2  
  19  1:56  Drone  
  20  2:03  Queen  
  20  2:05  Overlord  
  22  2:23  Drone x2  
  22  2:28  Metabolic Boost  
  24  2:30  Zergling x2  
  24  2:36  Drone  
  26  2:45  Drone, Extractor  
  26  2:47  Drone  
  27  3:00  Drone  
  27  3:01  Drone x2  
  29  3:11  Queen  
  31  3:13  Spore Crawler  
  31  3:18  Drone  
  31  3:19  Drone x2  
  33  3:23  Lair, Spore Crawler  
  32  3:28  Zergling x4  
  34  3:38  Drone  
  34  3:39  Overlord  
  35  3:47  Drone  
  36  3:53  Overlord  
  34  4:10  Drone x4  
  34  4:11  Drone x3  
  41  4:26  Overlord  
  41  4:29  Zergling x8, Spire  
  44  4:41  Zergling x4, Drone  
  44  4:42  Drone  
  46  5:11  Zergling x2  
  46  5:12  Zergling x2  
  48  5:27  Extractor  
  48  5:28  Extractor  
  46  5:35  Baneling Nest  
  44  5:38  Zergling x4, Overlord  
  44  5:40  Mutalisk x6  
  58  5:44  Zergling x2, Overlord  
  58  5:45  Overlord x2  
  59  5:53  Spine Crawler  
  58  5:58  Drone x2  
  58  6:02  Overlord  
  58  6:03  Drone x2  
  62  6:24  Zergling x2  
  62  6:25  Zergling x10  
  68  6:30  Mutalisk x4  
  76  6:52  Mutalisk x3  
  76  6:53  Zergling x6  
  81  7:31  Mutalisk x2, Zergling x2  
  81  7:32  Zergling x6  
  89  7:46  Drone x2  
  91  7:58  Overlord  
  91  7:59  Drone  
  75  8:17  Drone  
  75  8:18  Drone, Overlord, Zergling x2  
  75  8:19  Zergling x8  
  68  9:00  Zergling x16  
  74  9:08  Drone x2  
  76  9:17  Centrifugal Hooks  
  76  9:24  Drone  
  76  9:27  Zergling x4  
  79  9:35  Zergling x2  
  80  9:45  Zerg Flyer Weapons Level 1  
  79  10:07  Mutalisk  
  79  10:08  Mutalisk x2, Zergling x6  
  79  10:09  Zergling x2  
  89  10:20  Overseer  
  89  10:21  Pneumatized Carapace  
  89  10:23  Overseer  
  89  10:35  Hatchery  
  88  10:40  Mutalisk x2  
  88  10:41  Mutalisk x3, Zergling x10  
  99  10:50  Zergling x2  
  100  11:02  Mutalisk  
  100  11:03  Zergling x2  
  91  11:09  Drone  
  91  11:11  Drone x3  
  85  11:20  Mutalisk  
  87  11:27  Drone  
  87  11:30  Drone  
  89  11:37  Zergling x10  
  94  11:44  Hatchery  
  93  11:50  Zergling x2  
  93  11:51  Zergling x8  
  98  12:01  Zergling x4  
  98  12:02  Zergling x2  
  98  12:03  Hatchery  
  100  12:11  Zergling x6  
  100  12:12  Zergling x8  
  107  12:17  Overlord  
  107  12:20  Zerg Flyer Armor Level 1  
  106  12:38  Roach Warren  
  106  12:42  Overlord x2  
  105  12:50  Drone x2  
  105  12:51  Drone x2, Overlord x2  
  109  13:01  Roach Warren  
  109  13:05  Hydralisk Den  
  108  13:11  Drone x3  
  111  13:20  Roach x8  
  111  13:21  Roach x6  
  139  13:34  Overlord x2  
  139  13:35  Drone x5  
  144  13:46  Evolution Chamber  
  144  13:48  Evolution Chamber  
  142  13:54  Hydralisk x4  
  150  13:57  Zergling x4  
  150  13:58  Zergling x2  
  153  14:03  Drone x3  
  153  14:07  Baneling x4  
  153  14:08  Baneling x2  
  153  14:09  Baneling x3  
  156  14:30  Hydralisk  
  156  14:31  Hydralisk x3, Roach x3  
  160  14:32  Roach x2  
  150  15:02  Overlord x2, Hydralisk x4  
  150  15:03  Hydralisk, Roach x3, Zergling x4  
  150  15:04  Zergling x2  
  166  15:10  Overseer  
  166  15:17  Zergling x4  
  166  15:18  Hydralisk, Zergling x4, Mutalisk, Roach  
  176  15:32  Hydralisk x2, Mutalisk, Zergling x2  
  176  15:33  Zergling x6  
  186  15:48  Glial Reconstitution  
  186  15:51  Muscular Augments  
  186  16:05  Drone  
  186  16:06  Drone, Overlord x2  
  171  16:24  Hatchery  
  127  16:45  Overseer x6  
  127  16:46  Hydralisk x2  
  127  16:47  Hydralisk x4, Roach x3, Zergling x8  
  123  16:48  Zergling x4, Roach x2  
  123  16:51  Zerg Melee Weapons Level 1  
  149  16:55  Grooved Spines  
  149  17:07  Hydralisk x2, Mutalisk x2, Zergling x2  
  149  17:08  Zergling x4  
  160  17:11  Extractor  
  159  17:15  Extractor  
  159  17:18  Zerg Missile Weapons Level 1  
  158  17:40  Hydralisk x2, Mutalisk x2  
  158  17:41  Hydralisk x2, Mutalisk x2, Zergling x10  
  159  18:01  Hydralisk x3, Mutalisk x2  
  159  18:02  Zergling x6  
  144  18:19  Hydralisk x2, Mutalisk x2  
  136  18:20  Zergling x6  
  135  18:44  Zergling x2  
  135  18:45  Mutalisk, Hydralisk x4  
  135  18:46  Hydralisk, Roach  
  133  19:06  Mutalisk x3, Hydralisk x2, Zergling x2  
  133  19:07  Zergling x2  
  135  19:12  Drone x2  
  135  19:13  Drone x2  
Show
View Real Time Build Order
Export as new Build Order

lIlIlIlIlIlI Zerg 

Build Orders: 3 Hatch before Pool, Lurkers 

Get SALT Encoding   

  12  0:02  Drone  
  13  0:09  Drone  
  14  0:19  Extractor  
  14  0:20  Extractor, Drone  
  13  0:22  Drone  
  13  0:27  Overlord  
  16  0:47  Drone x2  
  18  0:59  Drone  
  18  1:03  Extractor  
  18  1:04  Hatchery  
  18  1:11  Drone  
  18  1:18  Drone  
  19  1:29  Drone  
  20  1:45  Drone  
  20  1:46  Hatchery  
  20  1:51  Spawning Pool  
  19  2:02  Drone x2  
  21  2:14  Extractor  
  20  2:30  Drone x2  
  20  2:31  Drone x2  
  24  2:43  Baneling Nest  
  23  2:44  Drone x3  
  26  2:51  Zergling x2  
  27  3:02  Zergling x4  
  27  3:03  Drone  
  27  3:05  Lair  
  30  3:09  Zergling x2  
  31  3:13  Drone x2  
  33  3:20  Drone  
  33  3:25  Overlord x2  
  34  3:36  Spine Crawler  
  33  3:44  Baneling x2  
  33  3:51  Drone x4  
  33  3:52  Drone x2  
  37  4:10  Drone x5  
  37  4:11  Drone  
  37  4:14  Drone  
  37  4:15  Drone  
  45  4:29  Burrow  
  45  4:31  Zergling x2  
  45  4:32  Zergling x4, Extractor x2  
  46  4:46  Infestation Pit  
  46  4:48  Nydus Network  
  46  4:52  Zergling x8, Hydralisk Den  
  47  4:53  Zergling x2  
  47  5:17  Hatchery  
  47  5:21  Metabolic Boost  
  46  5:35  Drone  
  46  5:36  Drone x2  
  46  5:37  Overlord  
  46  5:38  Overlord x5  
  49  5:44  Spire  
  49  5:47  Lurker Den  
  49  5:48  Hive  
  47  5:59  Spine Crawler  
  47  6:00  Centrifugal Hooks  
  46  6:07  Overlord x4  
  46  6:18  Overseer x2  
  46  6:20  Muscular Augments  
  46  6:27  Drone x4  
  46  6:28  Drone x2  
  48  6:47  Spore Crawler  
  48  6:48  Spore Crawler  
  48  6:50  Spore Crawler  
  45  6:54  Hydralisk  
  45  6:57  Hydralisk x3  
  45  6:58  Spore Crawler  
  45  6:59  Spore Crawler  
  51  7:06  Spore Crawler  
  50  7:08  Spore Crawler  
  50  7:13  Overlord  
  49  7:21  Hydralisk  
  49  7:37  Spore Crawler, Hydralisk  
  50  7:46  Drone  
  50  7:47  Drone x3  
  54  8:05  Spore Crawler x2  
  53  8:09  Spore Crawler  
  53  8:12  Hydralisk  
  37  8:17  Spine Crawler, Zergling x2  
  39  8:20  Drone  
  39  8:24  Lurker x2  
  42  8:27  Lurker  
  42  8:29  Drone  
  44  8:34  Drone x2  
  45  8:44  Drone x7  
  39  8:59  Hydralisk x2  
  39  9:00  Hydralisk x2  
  47  9:13  Hydralisk x3  
  47  9:16  Drone  
  54  9:17  Drone  
  55  9:26  Hydralisk  
  57  9:34  Hydralisk  
  59  9:42  Drone  
  59  9:43  Drone x5  
  59  9:44  Drone  
  66  9:51  Queen  
  68  10:11  Drone  
  68  10:12  Drone x5  
  74  10:24  Nydus Canal  
  74  10:55  Hydralisk  
  74  10:56  Hydralisk x4  
  62  11:11  Hydralisk  
  62  11:13  Drone  
  62  11:14  Drone x6, Unknown  
  62  11:15  Drone x2  
  70  11:20  Hydralisk  
  70  11:22  Drone  
  71  11:41  Lurker  
  71  11:42  Spore Crawler  
  71  11:44  Drone x3  
  73  12:02  Spine Crawler  
  73  12:03  Spine Crawler  
  73  12:05  Spore Crawler  
  70  12:12  Mutalisk x3  
  76  12:22  Evolution Chamber  
  75  12:24  Grooved Spines  
  75  12:25  Hydralisk  
  75  12:26  Evolution Chamber  
  76  12:33  Queen  
  78  12:39  Overlord x3  
  78  12:46  Drone x4  
  78  12:47  Drone  
  78  12:49  Extractor, Drone x3  
  78  12:50  Drone  
  78  12:51  Extractor  
  85  12:58  Spine Crawler  
  85  12:59  Drone x2  
  85  13:00  Drone x2, Spine Crawler  
  85  13:02  Overlord x3  
  87  13:08  Hydralisk  
  88  13:27  Pneumatized Carapace  
  88  13:30  Hatchery  
  88  13:32  Hydralisk x5  
  97  13:36  Spore Crawler x2  
  97  13:38  Extractor  
  97  13:41  Hydralisk x3  
  100  13:56  Drone x3  
  100  13:57  Drone x5  
  100  14:01  Spore Crawler, Drone  
  100  14:02  Drone  
  109  14:07  Drone x2  
  111  14:10  Hydralisk  
  111  14:13  Zerg Missile Weapons Level 1  
  111  14:17  Infestor  
  113  14:19  Viper, Extractor  
  117  14:31  Overlord x4  
  107  15:10  Viper x3  
  107  15:11  Drone x3  
  107  15:12  Drone x6  
  125  15:25  Spore Crawler  
  125  15:26  Spine Crawler  
  112  15:35  Hydralisk x4  
  112  15:36  Hydralisk x2  
  112  15:40  Spine Crawler  
  112  15:42  Spine Crawler  
  122  15:48  Spine Crawler  
  121  15:50  Spine Crawler  
  121  15:52  Lurker x6  
  121  15:54  Seismic Spines  
  121  15:56  Drone x5  
  131  15:57  Drone  
  131  16:03  Infestor x2  
  136  16:06  Hydralisk  
  125  16:51  Adaptive Talons, Infestor x2  
  125  16:52  Infestor x2  
  125  16:53  Viper  
  136  17:07  Hatchery  
  135  17:11  Hydralisk x4  
  143  17:18  Hatchery  
  142  17:28  Hatchery  
  141  17:32  Drone x2  
  143  17:42  Overlord x6  
  143  17:43  Overlord x2  
  89  18:24  Hydralisk x2  
  89  18:25  Hydralisk x2  
  89  18:26  Zergling x2  
  89  18:27  Zergling x14  
  86  18:36  Hydralisk x2  
  81  18:51  Lurker x3  
  73  19:04  Hydralisk x4  
  73  19:05  Hydralisk x3  
  82  19:14  Zergling x4  
Tags
 
Add a new tag
Caveats
  • Supply blocks, unpowered buildings, or Contaminate may cause inaccurate times.
  • Supply counts are checked every 10 seconds.